 Dungeon Crawl Stone Soup version 0.19.4-9-g45fd643 (webtiles) character file.

91 xveg the Sneak (level 4, -3/29 HPs)
             Began as an Octopode Assassin on Feb 21, 2017.
             Was an Initiate of Dithmenos.
             Slain by a gnoll (8 damage)
             ... on level 3 of the Dungeon.
             The game lasted 00:10:47 (1330 turns).

xveg the Sneak (Octopode Assassin)                  Turns: 1330, Time: 00:10:47

Health: -3/29      AC:  1    Str: 10    XL:     4   Next: 59%
Magic:  4/4        EV: 13    Int: 13    God:    Dithmenos [......]
Gold:   118        SH:  0    Dex: 14    Spells: 0 memorised, 3 levels left

rFire  . . .     SeeInvis .     o - +4 dagger (drain)
rCold  . . .     Gourm    .     (no shield)
rNeg   . . .     Faith    .     (helmet restricted)
rPois  .         Spirit   .     (no amulet)
rElec  .         Reflect  .     (no ring)
rCorr  .         Harm     .     (no ring)
MR     .....                    (no ring)
Stlth  ++........               (no ring)
                                (no ring)
                                (no ring)
                                (no ring)
                                (no ring)

@: glowing
A: almost no armour, stealthy swim, amphibious, 8 rings, constrict 8, camouflage
1, gelatinous body 1
a: Renounce Religion


You were on level 3 of the Dungeon.
You worshipped Dithmenos.
Dithmenos was noncommittal.
You were not hungry.

You visited 1 branch of the dungeon, and saw 3 of its levels.

You collected 118 gold pieces.

Inventory:

Hand Weapons
 a - a +2 dagger
 b - a +0 blowgun
 o - a +4 dagger of draining (weapon)
Missiles
 c - 22 poisoned needles
 d - 2 curare-tipped needles
Armour
 q - a cursed +0 robe
Scrolls
 e - a scroll of immolation
 k - a scroll of recharging
 m - 3 scrolls of identify
Potions
 l - a potion of mutation {unknown}
 n - a potion of cure mutation {unknown}
Comestibles
 f - 2 bread rations
 g - 2 meat rations
 i - a beef jerky


   Skills:
 + Level 2.2 Fighting
 + Level 2.3 Short Blades
 + Level 2.2 Throwing
 + Level 1.1 Dodging
 + Level 7.5 Stealth


You had 3 spell levels left.
You didn't know any spells.

Dungeon Overview and Level Annotations

Branches:
Dungeon (3/15)

Altars:
Dithmenos
Sif Muna


Innate Abilities, Weirdness & Mutations

You cannot wear most types of armour.
You are very stealthy in the water. (Stealth+)
You are amphibious.
You can wear up to eight rings at the same time.
You can use your tentacles to constrict eight enemies at once.
Your skin changes colour to match your surroundings (Stealth+).
Your rubbery body absorbs attacks. (AC +1, EV +1)


Message History

The gnoll hits you.
* * * LOW HITPOINT WARNING * * *
You hit the gnoll. You drain the gnoll!
You kill the gnoll!
Dithmenos accepts your kill.
You completely miss the gnoll shaman. Your grab misses the gnoll shaman.
You squeeze the gnoll shaman!
The gnoll shaman is heavily wounded.
You hit the gnoll shaman. You grab the gnoll shaman.
The gnoll shaman is heavily wounded.
You constrict the gnoll shaman.
The gnoll shaman calls down the wrath of its god upon you.
You are outlined in light.
The gnoll hits you.
* * * LOW HITPOINT WARNING * * *
You hit the gnoll shaman but do no damage.
The gnoll shaman is heavily wounded.
You constrict the gnoll shaman, but do no damage.
The gnoll shaman prays to its god.
The gnoll shaman is healed somewhat.
The gnoll hits you!
You die...

.####..
.......
.......
###.......
#.........
#.........
###.##......
#...........
#@#.##.....#
#gg#.# .[..#
....... ...#
###..#...
.<# ...#..(.
. ....#.....
#...#......
..... ...


You could see a gnoll shaman and a gnoll.

Vanquished Creatures
  Jessica (D:2)
  2 gnolls (D:3)
  An adder (D:2)
  A worm (D:2)
  2 leopard geckos
  3 bats
  4 giant cockroaches
  4 goblins
  5 hobgoblins
  2 kobolds (D:2)
  A ball python (D:2)
  2 frilled lizards
  4 rats
32 creatures vanquished.

Notes
Turn   | Place    | Note
-------+----------+-------------------------------------------
     0 | D:1      | xveg the Octopode Assassin began the quest for the Orb.
     0 | D:1      | Reached XP level 1. HP: 14/14 MP: 1/1
   333 | D:1      | Reached XP level 2. HP: 19/19 MP: 2/2
   719 | D:2      | Reached skill level 6 in Stealth
   727 | D:2      | Reached XP level 3. HP: 17/24 MP: 3/3
   735 | D:2      | Found a shadowy altar of Dithmenos.
   740 | D:2      | Noticed Jessica
   746 | D:2      | Killed Jessica
   871 | D:2      | Reached skill level 7 in Stealth
   871 | D:2      | Reached XP level 4. HP: 27/29 MP: 4/4
  1021 | D:2      | Found a deep blue altar of Sif Muna.
  1124 | D:2      | Became a worshipper of Dithmenos the Shadowed
  1330 | D:3      | Slain by a gnoll

Skill      XL: |  1  2  3 |
---------------+----------+-----
Stealth        | 6 7 |  7.5
Fighting       | |  2.2
Short Blades   | |  2.3
Throwing       | |  2.2
Dodging        | |  1.1

Action                   |  1- 3 |  4- 6 || total
-------------------------+-------+-------++-------
Melee: Dagger            |    37 |    24 ||    61
       Constrict         |     7 |     4 ||    11
       Tentacles         |     4 |     1 ||     5
  Use: Scroll            |     7 |       ||     7
       Potion            |       |     1 ||     1
 Stab: Sleeping          |     7 |     2 ||     9
       Distracted        |     1 |       ||     1
  Eat: Pizza             |       |     1 ||     1
       Chunk             |       |     1 ||     1
Armor: Skin              |     2 |       ||     2
Dodge: Dodged            |    16 |    10 ||    26
